 Dungeon Crawl Stone Soup version 0.25-a0-589-g1e14c549ee (webtiles) character file.

Game seed: 11673936572331660994, levelgen mode: deterministic

82 Gynju the Magician (level 4, -1/24 HPs)
             Began as a Deep Elf Wizard on Mar 13, 2020.
             Slain by Robin
             ... wielding a +0 hand axe
              (3 damage)
             ... on level 2 of the Dungeon.
             The game lasted 00:05:48 (2223 turns).

Gynju the Magician (Deep Elf Wizard)                Turns: 2223, Time: 00:05:49

Health: -1/24      AC:  3    Str:  5    XL:     4   Next: 21%
Magic:  3/13       EV: 12    Int: 23    God:
Gold:   75         SH:  0    Dex: 13    Spells: 12/13 levels left

rFire    . . .     SeeInvis .   f - +0 short sword
rCold    . . .     Gourm    .   (no shield)
rNeg     . . .     Faith    .   k - +0 leather armour
rPois    .         Spirit   .   b - +0 hat
rElec    .         Reflect  .   (no cloak)
rCorr    .         Harm     .   (no gloves)
MR       .....                  (no boots)
Stlth    ++........             (no amulet)
HPRegen  0.08/turn              (no ring)
MPRegen  0.13/turn              (no ring)

@: very slightly contaminated
A: no striking features
a: no special abilities


You were on level 2 of the Dungeon.
You were hungry.

You visited 1 branch of the dungeon, and saw 2 of its levels.

You collected 75 gold pieces.

Inventory:

Hand Weapons
 f - a +0 short sword (weapon)
Armour
 a - a +0 robe
 b - a +0 hat (worn)
 k - a +0 leather armour (worn)
Jewellery
 j - an uncursed amulet of faith {unknown}
 p - a +1 ring of protection {unknown}
Scrolls
 c - 3 scrolls of enchant armour {unknown}
 e - a scroll of remove curse {unknown}
 g - a scroll of blinking {unknown}
 i - 7 scrolls of identify {unknown}
 n - a scroll of fear {unknown}
 o - a scroll of amnesia {unknown}
 r - a scroll of magic mapping {unknown}
Potions
 s - a potion of brilliance {unknown}
 t - a potion of heal wounds {unknown}
Comestibles
 d - 6 rations


   Skills:
 - Level 3.1 Dodging
 + Level 3.7 Stealth
 + Level 5.2 Spellcasting
 + Level 2.5 Conjurations
   Level 1.1 Summonings
   Level 1.1 Translocations


You had 12 spell levels left.
You knew the following spells:

 Your Spells              Type           Power        Failure   Level  Hunger
a - Magic Dart            Conj           ###.         5%          1    None

Your spell library contained the following spells:

 Spells                   Type           Power        Failure   Level  Hunger
 Blink                    Tloc           N/A          14%         2    None
 Call Imp                 Summ           ##......     14%         2    None
 Slow                     Hex            #.......     24%         2    None
 Conjure Flame            Conj/Fire      ##......     28%         3    ##.....
 Mephitic Cloud           Conj/Pois/Air  #.......     32%         3    ##.....


Dungeon Overview and Level Annotations

Branches:
Dungeon (2/15)

Altars:
Fedhas

Annotations:
D:2 exclusion: oklob plant, Robin


Message History

Okay, then.
Casting: Magic Dart (safe; 5% risk of failure)
Confirm with . or Enter, or press ? or * to list all spells.
Aiming: Magic Dart (safe; 5% risk of failure)
Press: ? - help, Shift-Dir - straight line, f - goblin
Aim: a goblin, wielding a +0 club The magic dart hits the goblin.
The goblin is moderately wounded.
The goblin hits you with a +0 club.
* * * LOW HITPOINT WARNING * * *
Robin closely misses you.
Casting: Magic Dart (safe; 5% risk of failure)
Confirm with . or Enter, or press ? or * to list all spells.
Aiming: Magic Dart (safe; 5% risk of failure)
Press: ? - help, Shift-Dir - straight line, f/p - goblin
Aim: a goblin, wielding a +0 club (moderately wounded)
The magic dart hits the goblin.
You kill the goblin!
Robin hits you with a +0 hand axe.
You die... #.....# #.#.#.# #.....# . #.....# .. #.#.#.# .gg

#.....# .... #.....#
.....
#...#.##########..?...
#......)@gg...........
################......
?.... .... ... ##


You could see Robin and a hobgoblin.

Vanquished Creatures
  Terence (D:2)
  2 adders (D:2)
  An ooze (D:1)
  A dart slug (D:1)
  A leopard gecko (D:1)
  2 giant cockroaches (D:1)
  7 goblins
  5 hobgoblins (D:1)
  3 bats
  2 frilled lizards
  3 kobolds (D:1)
  4 rats (D:1)
32 creatures vanquished.

Notes
Turn   | Place    | Note
-------+----------+-------------------------------------------
     0 | D:1      | Gynju the Deep Elf Wizard began the quest for the Orb.
     0 | D:1      | Reached XP level 1. HP: 10/10 MP: 7/7
   187 | D:1      | Reached XP level 2. HP: 6/15 MP: 1/9
  1056 | D:1      | Reached XP level 3. HP: 19/19 MP: 2/11
  1548 | D:2      | Noticed Robin
  1591 | D:2      | Reached skill level 5 in Spellcasting
  1776 | D:2      | Noticed Terence
  1816 | D:2      | Killed Terence
  1816 | D:2      | Reached XP level 4. HP: 4/24 MP: 0/13
  2081 | D:2      | Found a blossoming altar of Fedhas.
  2092 | D:2      | Noticed an oklob plant
  2223 | D:2      | Slain by Robin

Levels and vault maps discovered:
D:1:      tarquinn_simple_flora_water_f, layout_basic, st_stairs_9
D:2:      layout_basic, lemuel_round_altar, chequers_ecumenical_altar_island,
          columned_hall_lemuel, tgw_fedhas, uniq_terence, uniq_robin

Skill      XL: |  1  2  3 |
---------------+----------+-----
Stealth        | 3 |  3.7
Dodging        | 3 |  3.1
Conjurations   | 2 |  2.5
Spellcasting   | 5 |  5.2
Summonings     | |  1.1
Translocations | |  1.1

Action                   |  1- 3 |  4- 6 || total
-------------------------+-------+-------++-------
Melee: Short sword       |     5 |     5 ||    10
 Cast: Magic Dart        |    84 |    11 ||    95
  Use: Potion            |     4 |       ||     4
 Stab: Sleeping          |     2 |       ||     2
  Eat: Chunk             |     2 |     1 ||     3
Armor: Robe              |     4 |       ||     4
       Leather armour    |    18 |     5 ||    23
Dodge: Dodged            |    48 |    17 ||    65

Table legend:
 A = Non-vault XP
 B = Vault XP
 C = Vault XP percentage of total XP
 D = Non-vault monster count
 E = Vault monster count
 F = Vault count percentage of total count
                 A         B        C        D         E       F
            +---------+---------+-------+---------+---------+-------
      Total |      65 |      53 |  44.9 |      22 |      10 |  31.2
            +---------+---------+-------+---------+---------+-------
        D:1 |      37 |       7 |  15.9 |      18 |       4 |  18.2
        D:2 |      28 |      46 |  62.2 |       4 |       6 |  60.0
            +---------+---------+-------+---------+---------+-------
